Unix xNetHack Version 8.0.0 - last build Jan 14 2024 16:46:22 (be4d3c81716514284228e1a23197c27ddb32b841). Game began 2024-03-07 00:23:57, ended 2024-03-07 02:39:53. Catomat, chaotic female elven Wizard --------------------------------- ----- |...+..|..|..|p.|.......|..|....|#############-.<.| |...|(*|..|..|@.-.......|..|....|# |...| |...----..--|----.......--|-....|# #-...| ###########|.....................@.........|# #|...| -.-+--- #|...-|----|---......-+-----|--..|# ##-.-|- |.....| #|...|@..|....|{@....| G|..|..|..|# # #### |....^.#####|...|.%%|....|......| |..|..|..|# ######## # |...>.|# #|...|.%%|._..|......-----|----..|# ### # # -------## #|...|..%|?@..|....{.............|# ## # # ## #|...|----------..------+-------..#### ### # # #|...|..(.| +..|.!(.| |[d).(~|# # ## ###|...-@(((| G|..|.(.(| |Q@)@|d|# ----.---.- ##|...|.(..| |..-@(((| G|*d.[|.|# |........| #|...-----------..--------------.|# |........| #|.......................@dd.....|# ####.......@.| #---------------------------------# # ---------- ##################################### Catomat the Thaumaturge St:10 Dx:15 Co:16 In:15 Wi:13 Ch:10 Chaotic S:6280 Dlvl:7 $:134 HP:0(59) Pw:82(109) AC:5 Xp:8/1444 T:7508 Blind Latest messages: You write in the dust with your fingertip. You try to feel what is lying here on the doorway. There is an open door here. You feel no objects here. The werewolf bites! In what direction? The spell misses the werewolf. The werewolf bites! In what direction? The spell misses the werewolf. A wolf suddenly appears next to you! A wolf suddenly appears next to you! A wolf suddenly appears next to you! A wolf suddenly appears close by! A wolf suddenly appears close by! Something growls! You feel hemmed in. The werewolf bites! You avoid harm. What do you want to drop? [$adk-mpqtuwxzA-EHILQS-WYZ or ?*] You drop an uncursed pick-axe {100}. The wolf bites! The wolf bites! The wolf bites! The werewolf bites! The wolf bites! You try to feel what is lying here on the floor. You feel here 11 crossbow bolts (for sale, 33 zorkmids). The wolf bites! You try to feel what is lying here on the floor. You feel here a wand called gold b200 (for sale, 356 zorkmids). In what direction? You feel better. The wolf bites! You hear someone praising Ptah. In what direction? The wolf bites! You hit the wolf. The wolf bites! The werewolf punches you! You try to feel what is lying here on the floor. You feel here a scroll called THARR b80 (for sale, 107 zorkmids). The werewolf punches you! You die... Bordeyri gratefully inherits all your possessions. Do you want to see what you had when you died? [ynq] (y) Do you want to see your attributes? [ynq] (y) Do you want an account of creatures vanquished? [ynaq] (y) Do you want to see your conduct and achievements? [ynq] (y) Do you want to see the dungeon overview? [ynq] (y) Inventory: Inventory: 399/700 weight (27/52 slots) Coins $ - 134 gold pieces {1} Weapons E - 10 blessed +1 darts {10} t - 24 +0 darts {24} d - a rustproof +0 dagger (weapon in hand) {10} Q - 2 +0 daggers (at the ready) {20} Armor H - an uncursed +0 dwarvish helm (being worn) {30} B - an uncursed +0 pair of dwarvish boots (being worn) {38} C - an uncursed +0 cloak of magic resistance (being worn) {8} S - an uncursed +0 Hawaiian shirt with a tropical fish motif (being worn) {4} Comestibles V - 3 uncursed food rations {60} D - an uncursed tripe ration {10} Y - an uncursed lizard corpse {10} Scrolls U - a blessed scroll of blank paper {5} q - 2 uncursed scrolls of blank paper {10} u - an uncursed scroll of confuse monster {5} x - an uncursed scroll of identify {5} m - an uncursed scroll of light {5} a - an uncursed scroll of remove curse {5} Potions z - an uncursed potion of blindness {20} Z - an uncursed potion of enlightenment {20} W - an uncursed potion of gain energy {20} w - an uncursed potion of sickness {20} Wands L - a wand of light (0:10) {7} Tools I - an uncursed leather drum {25} A - a magic marker (0:96) {2} l - a blessed oil lamp {20} k - an uncursed skeleton key {3} T - an uncursed towel (being worn) {2} Catomat the Wizard's attributes: Background: You were a Thaumaturge, a level 8 female elven Wizard. You were chaotic, on a mission for Anhur who was opposed by Ptah (lawful) and Thoth (neutral). You were heterosexual. You were in the Gnomish Mines, on level 7. You entered the dungeon 7508 turns ago. It was nighttime. You had 1444 experience points, 1116 more were needed to attain level 9. Your score was 6280 before end-of-game adjustments. Basics: You had 0 out of 59 hit points. You had 82 out of 109 energy points (spell power). Your armor class was 5. Your wallet contained 134 zorkmids. Autopickup was on, but temporarily disabled while inside the shop. Final Characteristics: Your strength was 10 (peak:13, limit:18). Your dexterity was 15 (limit:18). Your constitution was 16 (limit:16). Your intelligence was 15 (limit:20). Your wisdom was 13 (limit:20). Your charisma was 10 (limit:18). Final Status: You were deliberately blind. You were not hungry. You were unencumbered. You were wielding a dagger. You had basic skill with dagger. Final Attributes: You were piously aligned. You were magic-protected. You were cold resistant. You were sleep resistant. You were telepathic. You had infravision. You were warded. You are dead. Miscellaneous: You never encountered a bones level. Total elapsed playing time was 2 hours, 15 minutes and 55 seconds. Major events: Turn 1: Catomat the chaotic female elven Wizard entered the dungeon 795: attained the rank of Conjurer (level 3) 1593: attained the rank of Thaumaturge (level 6) 3104: entered the Gnomish Mines 7508: killed by a werewolf Vanquished creatures: 12 small mimics a giant beetle a leprechaun 4 brown puddings a yeti a lizard a dingo a housecat a blue jelly a raven 2 Uruk-hai a rock piercer a rock mole a pony a fog cloud 3 gnome leaders 2 gnomish wizards a paper golem 3 giant ants a floating eye a kitten 6 dwarves a rothe a centipede an iguana an acid blob a gas spore a hobbit a giant rat a red mold 20 gnomes a gnome zombie 2 geckos 4 jackals 3 foxes 2 kobolds 2 goblins a sewer rat 9 grid bugs a bat a kobold zombie 2 newts 103 creatures vanquished. No species were genocided or became extinct. Voluntary challenges: You read items or engraved 8 times. You never genocided any monsters. You never polymorphed an object. You never changed form. You never touched an artifact. You used no wishes. You never scared an enemy with impunity. You were celibate. You never generated conflict. Achievements: You attained the rank of Conjurer. You entered a shop. You attained the rank of Thaumaturge. You entered the Gnomish Mines. You entered a temple. Dungeon overview: The Dungeons of Doom: levels 1 to 6 Level 1: "vault" Level 2: "lk-box, unl-chest" A fountain. Level 3: "lk-box" A fountain, many trees. Level 4: "lk-box, vault" A general store. Stairs down to The Gnomish Mines. Level 5: Many fountains. Oracle of Delphi. Level 6: The Gnomish Mines: levels 5 to 8 Level 5: Level 6: "shop?" Level 7: "townstash, MagMar in shop" <- You were here. Many shops, a temple, some fountains. Final resting place for you, killed by a werewolf. Level 8: Game over: __________ / \ / REST \ / IN \ / PEACE \ / \ | Catomat | | 0 Au | | killed by a | | werewolf | | | | | | 2024 | *| * * * | * _________)/\\_//(\/(/\)/\//\/|_)_______ Goodbye Catomat the Wizard... You died in The Gnomish Mines on dungeon level 7 with 6146 points, and 0 pieces of gold, after 7508 moves. You were level 8 with a maximum of 59 hit points when you died.